 Dungeon Crawl Stone Soup version 0.17.1-3-g152610e (webtiles) character file.

15017 Chiseanne the Fighter (level 11, -12/94 HPs)
             Began as a Minotaur Wanderer on Mar 5, 2016.
             Was the Champion of the Shining One.
             Mangled by a red devil
             ... wielding a +0 trident
              (14 damage)
             ... on level 4 of the Orcish Mines.
             The game lasted 00:46:54 (14640 turns).

Chiseanne the Fighter (Minotaur Wanderer)          Turns: 14640, Time: 00:46:54

Health: -12/94     AC: 13    Str: 16      XL:     11   Next: 96%
Magic:  15/15      EV: 13    Int:  6 (10) God:    the Shining One [******]
Gold:   635        SH: 12    Dex: 13      Spells: 0 memorised, 10 levels left

rFire  + . .     SeeInvis .     a - +3 broad axe (holy)
rCold  . . .     Clarity  .     L - +2 leather armour {rC+}
rNeg   + + +     SustAt   .     c - +0 shield
rPois  +         Gourm    .     (helmet restricted)
rElec  .         Spirit   .     o - +1 cloak {rPois}
rCorr  .         Warding  .     m - +0 pair of gloves
rMut   .         Stasis   .     t - +0 pair of boots
MR     .....                    e - amulet of faith
Stlth  +.........               y - +2 ring of protection
                                G - ring "Zimageos" {Fire rPois Slay+3}

@: about to teleport, glowing, not resistant to hostile enchantments, very
unstealthy
A: retaliatory headbutt, horns 2, frail 1
a: Divine Shield, Cleansing Flame, Summon Divine Warrior, Renounce Religion


You were on level 4 of the Orcish Mines.
You worshipped the Shining One.
The Shining One was exalted by your worship.
You were hungry.

You visited 2 branches of the dungeon, and saw 14 of its levels.
You also visited: Ossuary.

You collected 1884 gold pieces.
You spent 1249 gold pieces at shops.

Inventory:

Hand Weapons
 a - a +3 broad axe of holy wrath (weapon)
 d - a +4 scimitar of protection
 s - a +2 broad axe of flaming
Missiles
 j - 93 sling bullets
 n - a throwing net (quivered)
 p - 4 javelins
 u - 55 bolts
 z - 39 tomahawks
 R - 5 poisoned tomahawks
Armour
 c - a +0 shield (worn)
 m - a +0 pair of gloves (worn)
 o - a +1 cloak of poison resistance (worn)
 t - a +0 pair of boots (worn)
 L - a +2 leather armour of cold resistance (worn)
 P - a troll hide
Jewellery
 e - an amulet of faith (around neck)
 l - a cursed amulet of inaccuracy {unknown}
 x - an uncursed ring of flight
 y - a +2 ring of protection (right hand)
 C - an uncursed ring of magical power
 F - an uncursed amulet of stasis {unknown}
 G - the ring "Zimageos" (left hand) {Fire rPois Slay+3}
   (You bought it in a shop on level 2 of the Orcish Mines)

   [ring of fire]

   It enhances your fire magic, and weakens your ice magic.
   It affects your accuracy and damage with ranged weapons and melee attacks
   (+3).
   It protects you from fire.
   It makes you vulnerable to cold.
   It protects you from poison.
Wands
 v - a wand of digging (7)
 D - a wand of enslavement (7)
 K - a wand of heal wounds (0)
Scrolls
 r - 8 scrolls of teleportation
 E - 6 scrolls of remove curse
 H - 2 scrolls of recharging
 J - a scroll of fear
Potions
 b - 2 potions of invisibility
 f - 3 potions of lignification
 g - 2 potions of resistance
 h - 7 potions of curing
 k - 3 potions of cancellation
 A - a potion of flight
 I - 2 potions of haste
 M - a potion of berserk rage {unknown}
 N - a potion of ambrosia {unknown}
 O - a potion of magic {unknown}
 Q - 3 potions of brilliance
Comestibles
 i - 23 fruits
 q - 11 bread rations
 w - 4 meat rations


   Skills:
 * Level 12.5 Fighting
 + Level 9.4 Axes
 - Level 1.0 Throwing
 - Level 7.8 Armour
 - Level 4.8 Dodging
 * Level 12.3 Shields
 * Level 7.8 Invocations


You had 10 spell levels left.
You didn't know any spells.

Dungeon Overview and Level Annotations

Branches:
Dungeon (10/15)            Temple (0/1) D:4             Orc (4/4) D:9
    Elf (0/3) Orc:3
   Lair: D:8-11

Altars:
Dithmenos
Elyvilon
Kikubaaqudgha
Makhleb
Nemelex Xobeh
Okawaru
Qazlal
Ru
Sif Muna
Vehumet
Xom
The Shining One

Shops:
D:4 !   Orc:1 *   Orc:2 =   Orc:3 *   Orc:4 !

Annotations:
D:10 simples's ghost, novice MiFi
Orc:3 exclusion: upstairs


Innate Abilities, Weirdness & Mutations

You reflexively headbutt those who attack you in melee.
You have a pair of horns on your head.
You are frail (-10% HP).


Message History

Something smites you!
* * * LOW HITPOINT WARNING * * *
Read which item? (? for menu, Esc to quit)
As you read the scroll of fear, it crumbles to dust.
You assume a fearsome visage.
The orc warrior looks frightened!
The red devil is unaffected.
The orc warrior looks frightened!
The orc warrior looks frightened!
The orc priest looks frightened!
The red devil hits you from afar with a trident!
* * * LOW HITPOINT WARNING * * *
Read which item? (? for menu, Esc to quit)
As you read the scroll of teleportation, it crumbles to dust.
You feel strangely unstable.
The red devil hits you from afar with a trident!
* * * LOW HITPOINT WARNING * * *
Evoke which item? (* to show all) (? for menu, Esc to quit)
Zapping:
K - a wand of heal wounds {zapped: 3} (will waste charges)
Press: ? - help, Shift-Dir - straight line, f - you Nothing appears to happen.
The red devil hits you from afar with a trident!
You die...

##..#.....#
##.....#..## #
##....#o.o## #
##..o#....## #
#...o.)..## ...###)o##
##4.## ##).## ##.@##
##[[## ##..#### ###
##..###.###
###.###..###....##
###....#.)[##......##
###.........[.........#
#...........[........##
....###...........[..#
##


You could see a red devil and 3 orc warriors.

Vanquished Creatures
  Josephine (Orc:3)
  Urug (D:10)
  A soul eater (Orc:4)
  2 orc knights
  Maurice (D:8)
  4 trolls
  Sigmund (D:6)
  A hippogriff (D:10)
  A hungry ghost (D:9)
  A neqoxec (Orc:4)
  5 wargs
  Duvessa (D:5)
  4 sky beasts
  2 ice beasts
  A necrophage (D:4)
  3 black bears
  15 orc warriors
  4 phantoms
  2 centaurs
  11 ogres
  2 big kobolds
  Blork the orc (D:4)
  5 giant frogs
  Dowan (D:5)
  A scorpion (D:6)
  7 killer bees
  3 wights (D:7)
  5 hounds
  3 crimson imps
  2 giant frog zombies
  A centaur skeleton (D:4)
  2 iguanas
  Crazy Yiuf (D:3)
  3 giant frog skeletons
  27 orc priests
  Ijyb (D:3)
  A centaur zombie (D:5)
  5 jellies
  18 orc wizards
  7 worker ants
  5 big kobold zombies (Ossuary)
  A hound zombie (D:8)
  2 hound skeletons
  A mummy (Ossuary)
  2 worker ant zombies
  8 gnolls
  14 adders
  2 shadow imps
  An ooze (D:5)
  An adder skeleton (D:5)
  3 giant geckos
  130 orcs
  2 spectral bats (Ossuary)
  3 bats
  4 giant cockroaches
  11 goblins
  8 hobgoblins
  9 jackals
  8 kobolds
  3 quokkas
  3 bat simulacra (Ossuary)
  7 giant newts (D:2)
  7 gnoll zombies (Ossuary)
  3 goblin simulacra (Ossuary)
  4 goblin zombies (Ossuary)
  2 hobgoblin zombies (Ossuary)
  2 kobold simulacra (Ossuary)
  3 kobold zombies (Ossuary)
  8 orc zombies (Ossuary)
  2 quokka skeletons
  9 rats
  4 rat simulacra (Ossuary)
  5 spectral goblins (Ossuary)
  6 spectral kobolds (Ossuary)
  4 spectral rats (Ossuary)
445 creatures vanquished.

Vanquished Creatures (collateral kills)
  Rupert (Orc:4)
  Maud (Orc:4)
  4 wraiths (Orc:3)
  2 orc warriors (Orc:2)
  7 orcs
15 creatures vanquished.

Vanquished Creatures (others)
  A kobold zombie (Ossuary)
1 creature vanquished.

Grand Total: 461 creatures vanquished

Notes
Turn   | Place    | Note
--------------------------------------------------------------
     0 | D:1      | Chiseanne the Minotaur Wanderer began the quest for the Orb.
     0 | D:1      | Chiseanne set off with: a +0 shield, a +0 ring mail, a +0 hand axe, a bread ration
     0 | D:1      | Reached XP level 1. HP: 22/22 MP: 0/0
    71 | D:1      | Reached skill level 5 in Fighting
   137 | D:1      | Reached XP level 2. HP: 29/29 MP: 1/1
   713 | D:1      | Reached skill level 1 in Dodging
   713 | D:1      | Reached XP level 3. HP: 23/36 MP: 2/2
  1161 | D:2      | Reached XP level 4. HP: 38/42 MP: 3/3
  1217 | D:2      | Found a radiant altar of Vehumet.
  1491 | D:2      | Found a sparkling altar of Nemelex Xobeh.
  1779 | D:3      | Noticed Crazy Yiuf
  1793 | D:3      | Killed Crazy Yiuf
  1833 | D:3      | Noticed Ijyb
  1852 | D:3      | Killed Ijyb
  1852 | D:3      | Reached XP level 5. HP: 44/48 MP: 4/4
  1907 | D:3      | Found a glowing golden altar of the Shining One.
  1912 | D:3      | Became a worshipper of the Shining One
  2269 | D:3      | Noticed a phantom
  2324 | D:3      | Killed a phantom
  2686 | D:4      | Found a staircase to the Ecumenical Temple.
  2692 | D:4      | Noticed Blork the orc
  2701 | D:4      | Killed Blork the orc
  2701 | D:4      | Reached skill level 6 in Fighting
  2701 | D:4      | Reached XP level 6. HP: 46/57 MP: 5/5
  2780 | D:4      | Noticed a phantom
  2815 | D:4      | Killed a phantom
  2958 | D:4      | Found an iron altar of Okawaru.
  2966 | D:4      | Reached XP level 7. HP: 63/63 MP: 6/6
  3136 | D:4      | Reached skill level 5 in Shields
  3185 | D:4      | Found Rihim's Distillery.
  3193 | D:4      | Bought a potion of agility for 56 gold pieces
  3193 | D:4      | Bought a potion of curing for 42 gold pieces
  3193 | D:4      | Bought a potion of might for 56 gold pieces
  3484 | D:4      | Reached skill level 5 in Axes
  3505 | D:5      | Entered Level 5 of the Dungeon
  3521 | D:5      | Reached skill level 5 in Armour
  3560 | D:5      | Reached * piety under the Shining One
  3625 | D:5      | Reached skill level 7 in Fighting
  3640 | D:5      | Reached XP level 8. HP: 23/72 MP: 7/7
  3880 | D:5      | Found a white marble altar of Elyvilon.
  4090 | D:5      | Noticed Duvessa
  4091 | D:5      | Noticed Dowan
  4133 | D:5      | Killed Duvessa
  4142 | D:5      | Killed Dowan
  4369 | D:5      | Reached ** piety under the Shining One
  4629 | D:6      | Noticed Sigmund
  4638 | D:6      | Killed Sigmund
  4638 | D:6      | Reached skill level 8 in Fighting
  4719 | D:6      | Reached XP level 9. HP: 42/81 MP: 8/8
  5219 | D:6      | Found a shadowy altar of Dithmenos.
  5317 | D:6      | Found an ancient bone altar of Kikubaaqudgha.
  5318 | D:6      | Found a shimmering altar of Xom.
  5344 | D:6      | Found a stormy altar of Qazlal.
  5366 | D:6      | Found a deep blue altar of Sif Muna.
  5860 | D:7      | Reached skill level 9 in Fighting
  6188 | D:7      | Found an iron altar of Okawaru.
  6260 | D:7      | Reached skill level 1 in Invocations
  6604 | D:7      | Reached *** piety under the Shining One
  6953 | D:8      | Noticed Maurice
  6960 | D:8      | Found a sand-covered staircase.
  6964 | Ossuary  | Entered an ossuary
  7000 | Ossuary  | Reached **** piety under the Shining One
  7063 | Ossuary  | Reached ***** piety under the Shining One
  7176 | Ossuary  | Reached ****** piety under the Shining One
  7506 | D:8      | Killed Maurice
  7506 | D:8      | Reached XP level 10. HP: 79/92 MP: 10/10
  8011 | D:9      | Reached skill level 10 in Fighting
  8086 | D:9      | Found a sacrificial altar of Ru.
  8541 | D:9      | Reached skill level 10 in Shields
  8601 | D:9      | Found a staircase to the Orcish Mines.
  8898 | D:10     | Entered Level 10 of the Dungeon
  9186 | D:10     | Noticed Urug
  9191 | D:10     | Reached skill level 5 in Invocations
  9207 | D:10     | Killed Urug
  9207 | D:10     | Reached skill level 11 in Fighting
  9734 | D:10     | Noticed simples's ghost (novice MiFi)
 10017 | D:9      | Identified a +3 broad axe of holy wrath (a +1 broad axe blessed by the Shining One)
 10017 | D:9      | Received a gift from the Shining One
 10022 | D:10     | Reached XP level 11. HP: 89/101 MP: 14/14
 10027 | D:10     | Noticed a cyclops
 10232 | Orc:1    | Entered Level 1 of the Orcish Mines
 11322 | Orc:1    | Found Zujoshu's Off-Brand Ammunition.
 11505 | Orc:3    | Found Juoveomp's Assorted Antiques.
 11522 | Orc:3    | Bought a tapered copper wand for 132 gold pieces
 11522 | Orc:3    | Bought a scroll of identify for 66 gold pieces
 11522 | Orc:3    | Bought a scroll of remove curse for 99 gold pieces
 11522 | Orc:3    | Bought a scroll of fear for 115 gold pieces
 11764 | Orc:4    | Entered Level 4 of the Orcish Mines
 11854 | Orc:3    | Found a staircase to the Elven Halls.
 11858 | Orc:3    | Noticed Josephine
 11869 | Orc:3    | Killed Josephine
 12861 | Orc:4    | Found Hasuvuic's Distillery.
 12915 | Orc:4    | Noticed a soul eater
 12940 | Orc:3    | Reached skill level 12 in Fighting
 13193 | Orc:4    | Killed a soul eater
 13275 | Orc:4    | Noticed Rupert
 13287 | Orc:4    | Noticed Maud
 13319 | Orc:4    | Paralysed by Rupert for 3 turns
 13584 | Orc:2    | Found Ticseis's Jewellery Shoppe.
 13595 | Orc:2    | Bought the ring "Zimageos" {Fire rPois Slay+3} for 683 gold pieces
 13661 | Orc:4    | Killed Maud
 13668 | Orc:4    | Killed Rupert
 14031 | Orc:4    | Found a burning altar of Makhleb.
 14260 | Orc:4    | Found Qerisim's Distillery.
 14262 | Orc:4    | Gained mutation: You are frail (-10% HP). [a neqoxec]
 14639 | Orc:4    | HP: 2/94 [red devil/trident (10)]
 14640 | Orc:4    | Mangled by a red devil

Action                   |  1- 3 |  4- 6 |  7- 9 | 10-12 || total
-------------------------+-------+-------+-------+-------++-------
Melee: Hand axe          |   106 |   160 |   334 |       ||   600
       War axe           |       |       |   219 |    63 ||   282
       Broad axe         |       |       |       |   444 ||   444
Throw: Throwing net      |       |       |       |     3 ||     3
Invok: Divine Shield     |       |       |       |     4 ||     4
       Brand Weapon With |       |       |       |     1 ||     1
       Summon Divine War |       |       |       |     5 ||     5
Evoke: Wand              |       |       |     1 |     3 ||     4
  Use: Scroll            |     9 |     2 |     8 |     9 ||    28
       Potion            |       |     1 |     2 |     4 ||     7
  Eat: Chunk             |     1 |     3 |    13 |    24 ||    41
       Pizza             |       |     1 |     1 |       ||     2
       Fruit             |       |       |     3 |     1 ||     4
       Beef jerky        |       |       |       |     1 ||     1
